 Dungeon Crawl Stone Soup version 0.31-a0-524-g2a164cf6a2 (webtiles) character file.

Game seed: 2228991102605405112

109 AdnanSaban the Covered (level 4, -2/29 HPs)
             Began as a Gargoyle Fighter on Aug 12, 2023.
             Slain by a river rat (4 damage)
             ... on level 3 of the Dungeon.
             The game lasted 00:02:03 (1981 turns).

AdnanSaban the Covered (Gargoyle Fighter)           Turns: 1981, Time: 00:02:03

Health: -2/29      AC: 13    Str: 21    XL:     4   Next: 90%
Magic:  4/4        EV:  9    Int:  9    God:
Gold:   99         SH:  4    Dex:  9    Spells: 3/3 levels left

rFire   . . .        a - +0 flail
rCold   . . .        c - +0 buckler
rNeg    + . .        b - +0 scale mail
rPois   ∞            l - +0 helmet
rElec   +            (no cloak)
rCorr   .            (no gloves)
SInv    .            p - +0 pair of boots
Will    .....        (no amulet) Stlth
                     (no ring)
HPRegen 0.24/turn    (no ring)
MPRegen 0.09/turn

%: no passive effects
@: very slow
A: sickness immunity, AC +3, negative energy resistance 1, electricity
resistance, torment resistance 1, petrification resistance
a: no special abilities


You were on level 3 of the Dungeon.
You visited 1 branch of the dungeon, and saw 3 of its levels.

You collected 99 gold pieces.

Inventory:

Hand Weapons
 a - a +0 flail (weapon)
Missiles
 n - 6 boomerangs
Armour
 b - a +0 scale mail (worn)
 c - a +0 buckler (worn)
 l - a +0 helmet (worn)
 p - a +0 pair of boots (worn)
Jewellery
 f - a ring of fire
Scrolls
 e - a scroll of vulnerability {unknown}
 i - a scroll of teleportation {unknown}
 q - a scroll of summoning {unknown}
 r - a scroll of revelation {unknown}
Potions
 d - a potion of might
 g - a potion of mutation {unknown}
 h - a potion of attraction {unknown}
 j - a potion of lignification {unknown}
 k - a potion of enlightenment {unknown}
 m - a potion of brilliance {unknown}
 o - a potion of invisibility {unknown}


   Skills:
 + Level 3.9 Fighting
 + Level 3.3 Maces & Flails
 + Level 4.0 Armour
 + Level 0.2 Dodging
 + Level 4.0 Shields


You had 3 spell levels left.
You didn't know any spells.
Your spell library was empty.

Dungeon Overview and Level Annotations

Branches:
Dungeon (3/15)

Altars:
Gozag


Innate Abilities, Weirdness & Mutations

You are immune to sickness and miasma.
Your stone body is resilient. (AC +3)
You are immune to poison.
You resist negative energy. (rN+)
You are resistant to electric shocks. (rElec)
You are resistant to unholy torment.
You are immune to petrification.


Message History

The river rat attacks as you move away! The river rat barely misses you.
You hear the brisk rusting of a drain.
The river rat bites you.
The river rat bites you but does no damage.
The river rat attacks as you move away! You block the river rat's attack.
You enter the shallow water.
Moving in this stuff is going to be slow.
The river rat attacks as you move away! You block the river rat's attack.
The river rat attacks as you move away! The river rat closely misses you.
You enter the shallow water.
Moving in this stuff is going to be slow.
The river rat attacks as you move away! You block the river rat's attack.
The river rat bites you but does no damage.
The river rat attacks as you move away! The river rat barely misses you.
A quokka comes into view.
Your unstable footing causes you to fumble your attack.
The quokka barely misses you. The river rat misses you.
You block the quokka's attack.
The river rat bites you but does no damage.
Your unstable footing causes you to fumble your attack.
The quokka bites you but does no damage.
The river rat closely misses you.
The quokka bites you but does no damage.
You hit the quokka.
The quokka is moderately wounded.
The river rat bites you.
* * * LOW HITPOINT WARNING * * *
The quokka closely misses you.
You closely miss the quokka.
The quokka is moderately wounded.
You block the quokka's attack. The river rat bites you!
* * * LOW HITPOINT WARNING * * *
The quokka splashes around in the water.
You hit the quokka.
You kill the quokka!
The river rat closely misses you. The river rat barely misses you.
You see here a quokka corpse.
The river rat bites you but does no damage.
The river rat bites you.
You die...

##.####......l.....#
..........#######.##
#.####.###lbS~g##~#
#.###.!##~#####l#.#
####.......#.##
#b#g#
........####~#.
#~#l# ......#.# #b#~
#~#~# !....##.#
#~#~###~#b# .....
#.# #l#~@rS##.#
..### #.#
#g#######~## #
.>.#.# ##~~bl~g~###.
#.#.#############
#..## #### #......#
.....##... #......#
......#... #......#
.......... #....†.#
.......<.. ##.....#
.......###


You could see an adder and a river rat.

Vanquished Creatures
  Terence (D:2)
  3 adders
  3 worms
  3 ball pythons (D:3)
  5 endoplasms
  4 giant cockroaches
  A goblin (D:1)
  4 hobgoblins
  2 kobolds
  6 quokkas
  5 bats
  3 frilled lizards (D:1)
  7 rats
47 creatures vanquished.

Notes
Turn   | Place    | Note
-------+----------+-------------------------------------------
     0 | D:1      | AdnanSaban the Gargoyle Fighter began the quest for the
                  | Orb.
     0 | D:1      | Reached XP level 1. HP: 14/14 MP: 1/1
     9 | D:1      | Noticed a demonspawn zombie
   328 | D:1      | Reached XP level 2. HP: 16/19 MP: 2/2
   930 | D:2      | Reached XP level 3. HP: 23/23 MP: 3/3
   990 | D:2      | Noticed Terence
  1012 | D:2      | Killed Terence
  1188 | D:2      | Reached XP level 4. HP: 28/29 MP: 4/4
  1808 | D:3      | Found an opulent altar of Gozag.
  1977 | D:3      | HP: 1/29 [river rat (7)]
  1981 | D:3      | Slain by a river rat

Illustrated notes

Levels and vault maps discovered:
D:1:      shiori_arrival_whats_in_store_for_you, layout_loops_corners
D:2:      layout_basic, serial_bayou_pond_d, uniq_terence
D:3:      layout_rooms, lemuel_crystal_altar, gup_sewer_entry_spiral

Skill      XL: |  1  2  3  4 |
---------------+-------------+-----
Maces & Flails | 3 |  3.3
Armour         | 4 |  4.0
Shields        | 4 |  4.0
Fighting       | |  3.9
Dodging        | |  0.2

Action                     |  1- 3 |  4- 6 || total
---------------------------+-------+-------++-------
  Melee: Flail             |   103 |   109 ||   212
 Armour: Scale mail        |    62 |   144 ||   206
  Dodge: Dodged            |    51 |   117 ||   168
  Block: Buckler           |    22 |    55 ||    77

Table legend: (Time is in decaauts)
 A = Elapsed time spent in this place.
 B = Non-inter-level travel time spent in this place.
 C = Inter-level travel time spent in this place.
 D = Time resting spent in this place.
 E = Time spent auto-exploring this place.
 F = Levels seen in this place.
 G = Mean time per level.
                   A        B        C        D        E       F      G
               +--------+--------+--------+--------+--------+-----+--------+
         Total |   2060 |   1962 |     98 |      9 |   1394 |   3 |  686.7 |
       Dungeon |   2060 |   1962 |     98 |      9 |   1394 |   3 |  686.7 |
               +--------+--------+--------+--------+--------+-----+--------+

Top non-repeatable levels by time:
     D:1: 934 daAuts
     D:2: 877 daAuts
     D:3: 248 daAuts
